 Dungeon Sprint DCSS version 0.21-a0-278-ga722497 (webtiles) character file.

18 potatolord6000 the Shield-Bearer (level 2, -3/28 HPs)
             Began as a Minotaur Fighter on Sept 21, 2017.
             Was an Initiate of Gozag.
             Impaled on a porcupine's spines (11 damage)
             ... in the Dungeon (Sprint VII: "The Pits").
             The game lasted 00:00:29 (280 turns).

potatolord6000 the Shield-Bearer (Minotaur Fighter)  Turns: 280, Time: 00:00:30

Health: -3/28      AC:  7    Str: 25    XL:     2   Next: 51%
Magic:  1/1        EV:  7    Int:  5    God:    Gozag
Gold:   288        SH: 10    Dex:  9    Spells: 1/1 levels left

rFire    . . .     SeeInvis .   a - +0 long sword
rCold    . . .     Gourm    .   c - +0 shield
rNeg     . . .     Faith    .   b - +0 scale mail
rPois    .         Spirit   .   (helmet restricted)
rElec    .         Reflect  .   (no cloak)
rCorr    .         Harm     .   (no gloves)
MR       .....     NoTele   +   (no boots)
Stlth    ..........             (no amulet)
HPRegen  0.09/turn              (no ring)
MPRegen  0.07/turn              (no ring)

@: mighty, gold aura, hasted, very quick
A: retaliatory headbutt, horns 2
a: Potion Petition, Call Merchant, Bribe Branch, Renounce Religion


You were in the Dungeon.
You worshipped Gozag.
Gozag was aware of your devotion.
You were not hungry.

You visited 1 branch You collected 288 gold pieces.

Inventory:

Hand Weapons
 a - a +0 long sword (weapon)
Armour
 b - a +0 scale mail (worn)
 c - a +0 shield (worn)
Scrolls
 k - a scroll of blinking
 m - 3 scrolls of remove curse
 n - 5 scrolls of amnesia
 o - a scroll of summoning
Potions
 g - a potion of heal wounds
 i - 4 potions of magic
 j - 3 potions of berserk rage
 l - 2 potions of invisibility
Comestibles
 f - 8 bread rations
 p - 40 fruits
 q - 7 meat rations


   Skills:
 + Level 4.6 Fighting
 + Level 4.2 Long Blades
 + Level 4.6 Armour
 + Level 4.8 Shields


You had one spell level left.
You didn't know any spells.

Dungeon Overview and Level Annotations

Branches:
Dungeon (1/1)

Altars:
Ashenzari
Cheibriados
Dithmenos
Elyvilon
Fedhas
Gozag
Hepliaklqana
Kikubaaqudgha
Makhleb
Nemelex Xobeh
Okawaru
Qazlal
Ru
Sif Muna
Trog
Uskayaw
Vehumet
Wu Jian
Xom
Yredelemnul
Zin
The Shining One
Beogh
Jiyva
Lugonu


Innate Abilities, Weirdness & Mutations

You reflexively headbutt those who attack you in melee.
You have a pair of horns on your head.


Message History

You barely miss the porcupine.
The porcupine is no longer distracted by gold.
You headbutt the porcupine!
The porcupine is heavily wounded.
The leopard gecko bites you. You block the porcupine's attack.
Unknown command.
You hit the porcupine.
The porcupine is severely wounded.
You block the leopard gecko's attack. You block the porcupine's attack.
Unknown command.
You are struck by the porcupine's spines.
* * * LOW HITPOINT WARNING * * *
You miss the porcupine.
The porcupine is severely wounded.
The leopard gecko barely misses you.
You riposte.
You closely miss the leopard gecko. Your headbutt misses the leopard gecko.
Unknown command.
You are struck by the porcupine's spines.
You die...
Your body crumbles into a pile of gold.

#_______...###########++
##########'##...........
#.?(.')))'.##......#..#.
##########.##...........
#...........'...........
#+#####'#####......#..#.
#..#.)#..##...........
#..)..)..#####'#####++
##+####@###.......#
#.....lr.##.......#
#........##.......#
#####+#####...<...#
#.......# #.......#
#.......# #########


You could see a porcupine and a leopard gecko.

Vanquished Creatures
  An ufetubus (D)
  An ooze (D)
  An orc (D)
  A giant cockroach (D)
  2 goblins (D)
  A quokka (D)
  A rat (D)
8 creatures vanquished.

Notes
Turn   | Place    | Note
-------+----------+-------------------------------------------
     0 | D        | potatolord6000 the Minotaur Fighter began the quest for the Orb.
     0 | D        | Reached XP level 1. HP: 19/19 MP: 0/0
    44 | D        | Found a bloodstained altar of Trog.
    44 | D        | Found a deep blue altar of Sif Muna.
    44 | D        | Found a viscous altar of Jiyva.
    44 | D        | Found a hazy altar of Hepliaklqana.
    44 | D        | Found an opulent altar of Gozag.
    45 | D        | Found a glowing golden altar of the Shining One.
    45 | D        | Found a glowing silver altar of Zin.
    45 | D        | Found a basalt altar of Yredelemnul.
    45 | D        | Found a shimmering altar of Xom.
    45 | D        | Found an ornate altar of the Wu Jian Council.
    45 | D        | Found a sacrificial altar of Ru.
    45 | D        | Found a stormy altar of Qazlal.
    45 | D        | Found an iron altar of Okawaru.
    45 | D        | Found a sparkling altar of Nemelex Xobeh.
    45 | D        | Found a burning altar of Makhleb.
    45 | D        | Found a blossoming altar of Fedhas.
    45 | D        | Found a white marble altar of Elyvilon.
    45 | D        | Found a shadowy altar of Dithmenos.
    45 | D        | Found a snail-covered altar of Cheibriados.
    47 | D        | Found a radiant altar of Vehumet.
    47 | D        | Found a corrupted altar of Lugonu.
    47 | D        | Found a roughly hewn altar of Beogh.
    49 | D        | Found an ancient bone altar of Kikubaaqudgha.
    49 | D        | Found a hide-covered altar of Uskayaw.
    49 | D        | Found a shattered altar of Ashenzari.
    52 | D        | Became a worshipper of Gozag Ym Sagoz the Greedy
   209 | D        | Reached XP level 2. HP: 28/28 MP: 1/1
   272 | D        | Noticed a porcupine
   280 | D        | Impaled on a porcupine's spines

Vault maps used:
D:        pitsprint

Skill      XL: |  1  2 |
---------------+-------+-----
Fighting       | 4 |  4.6
Long Blades    | 3 4 |  4.2
Armour         | 4 |  4.6
Shields        | 4 |  4.8

Action                   || total
-------------------------++-------
Melee: Long sword        ||    23
       Headbutt          ||     3
  Use: Potion            ||     3
Armor: Scale mail        ||     9
Dodge: Dodged            ||     6
Block: Shield            ||    14
       Rpst.: Long sword ||     5

Table legend:
 A = Spawn XP
 B = Non-spawn XP
 C = Spawn XP percentage of total XP
 D = Spawn monster count
 E = Non-spawn monster count
 F = Spawn count percentage of total count
 G = Total turns spent on level
                    A         B        C        D         E        F      G
               +---------+---------+-------+---------+---------+-------+---------
         Total |       0 |      27 |   0.0 |       0 |       8 |   0.0 |   280
               +---------+---------+-------+---------+---------+-------+---------
             D |       0 |      27 |   0.0 |       0 |       8 |   0.0 |   280
               +---------+---------+-------+---------+---------+-------+---------
